 Dungeon Crawl Stone Soup version 0.20.1-1-g8b1a95d66d (webtiles) character file.

369 rossyrg the Cleaver (level 6, 0/79 HPs)
             Began as a Hill Orc Berserker on Dec 24, 2017.
             Was a Believer of Trog.
             Slain by an ogre
             ... wielding a +0 giant spiked club
              (11 damage)
             ... on level 4 of the Dungeon.
             The game lasted 00:12:05 (2597 turns).

rossyrg the Cleaver (Hill Orc Berserker)            Turns: 2597, Time: 00:12:07

Health: 0/79       AC: 10    Str: 26 (27) XL:     6   Next: 70%
Magic:  6/6        EV:  9    Int:  7      God:    Trog [**....]
Gold:   77         SH:  0    Dex: 10      Spells: 5/5 levels left

rFire    . . .     SeeInvis .   a - +0 hand axe
rCold    . . .     Gourm    +   (no shield)
rNeg     + . .     Faith    .   g - +0 chain mail
rPois    .         Spirit   .   (no helmet)
rElec    .         Reflect  .   (no cloak)
rCorr    .         Harm     .   (no gloves)
MR       ++...                  (no boots)
Stlth    ..........             t - amulet of the gourmand
Regen    1.3/turn               m - +2 ring of protection
MPRegen  0.1/turn               p - ring of positive energy

@: berserking, regenerating, very quick
A: no striking features
a: Berserk, Trog's Hand, Burn Spellbooks, Renounce Religion


You were on level 4 of the Dungeon.
You worshipped Trog.
Trog was pleased with you.
You were very full.

You visited 1 branch of the dungeon, and saw 4 of its levels.

You collected 129 gold pieces.
You spent 52 gold pieces at shops.

Inventory:

Hand Weapons
 a - a +0 hand axe (weapon)
 f - a +0 mace
 s - a +0 hunting sling
Missiles
 d - 123 stones
 j - 23 bolts
 l - 6 javelins (quivered)
Armour
 b - a +0 animal skin
 g - a +0 chain mail (worn)
Jewellery
 m - a +2 ring of protection (left hand)
 n - an uncursed ring of flight
 p - a ring of positive energy (right hand)
 t - an amulet of the gourmand (around neck)
Scrolls
 e - 3 scrolls of fog {unknown}
 h - 2 scrolls of amnesia {unknown}
 i - 2 scrolls of remove curse {unknown}
 o - a scroll of teleportation {unknown}
 q - 2 scrolls of enchant armour {unknown}
 r - a scroll of blinking {unknown}
 u - a scroll of identify {unknown}
Comestibles
 c - 3 bread rations
 k - 3 royal jellies


   Skills:
 - Level 4.4 Fighting
 + Level 8.9 Axes
 - Level 2.6 Armour
 - Level 1.7 Dodging


You had 5 spell levels left.
You didn't know any spells.

Dungeon Overview and Level Annotations

Branches:
Dungeon (4/15)
 Temple: D:4-7

Altars:
Dithmenos
Nemelex Xobeh
Sif Muna

Shops:
D:4 (


Message History

You slash Duvessa!
Duvessa is severely wounded.
You slash the ogre!
You feel the effects of Trog's Hand fading.
Duvessa hits you but does no damage.
You slash Duvessa!
Duvessa is almost dead.
You hit the ogre. The ogre completely misses you.
Duvessa hits you with a rapier.
* * * LOW HITPOINT WARNING * * *
You barely miss Duvessa.
Duvessa is almost dead.
You slash the ogre! You slash Duvessa!
You kill Duvessa!
Trog accepts your kill.
You feel your strength returning.
Your life force feels restored.
You hit the ogre.
The ogre hits you with a giant spiked club!
You die...

############
#....#.....#
#....#.....#
#....#.....+
#....'O....#
#....#)@...#
#....#(....#
#....#∩....#
####.#.)...#
#.##....#
#........#
#O.......#
........#
#........#


You could see an ogre.

Vanquished Creatures
  Duvessa (D:4)
  Dowan (D:4)
  2 orc priests (D:3)
  Crazy Yiuf (D:2)
  Jessica (D:2)
  Robin (D:2)
  3 adders
  An ooze (D:2)
  3 worms
  A dart slug (D:3)
  2 leopard geckos (D:2)
  3 orcs (D:3)
  2 giant cockroaches
  14 goblins
  10 hobgoblins
  4 kobolds
  4 bats
  3 frilled lizards
  8 rats
  2 fungi (D:2)
67 creatures vanquished.

Notes
Turn   | Place    | Note
-------+----------+-------------------------------------------
     0 | D:1      | rossyrg the Hill Orc Berserker began the quest for the Orb.
     0 | D:1      | Reached XP level 1. HP: 19/19 MP: 1/1
   529 | D:1      | Reached XP level 2. HP: 26/27 MP: 2/2
   870 | D:2      | Noticed Robin
   880 | D:2      | Killed Robin
   880 | D:2      | Reached XP level 3. HP: 27/33 MP: 3/3
   926 | D:2      | Reached ** piety under Trog
  1046 | D:2      | Found a faded altar of an unknown god.
  1134 | D:2      | Reached skill level 5 in Axes
  1164 | D:2      | Reached XP level 4. HP: 32/41 MP: 4/4
  1246 | D:2      | Noticed Jessica
  1251 | D:2      | Killed Jessica
  1431 | D:2      | Reached skill level 6 in Axes
  1459 | D:2      | Found a runed door.
  1463 | D:2      | Noticed Crazy Yiuf
  1482 | D:2      | Killed Crazy Yiuf
  1482 | D:2      | Reached XP level 5. HP: 8/47 MP: 5/5
  1494 | D:2      | HP: 2/47 [poisoned by Crazy Yiuf]
  1501 | D:2      | HP: 1/47 [poisoned by Crazy Yiuf]
  1509 | D:2      | HP: 1/47 [poisoned by Crazy Yiuf]
  2001 | D:3      | Reached skill level 7 in Axes
  2188 | D:3      | Reached XP level 6. HP: 39/53 MP: 6/6
  2492 | D:3      | Found a shadowy altar of Dithmenos.
  2493 | D:3      | Found a deep blue altar of Sif Muna.
  2493 | D:3      | Found a sparkling altar of Nemelex Xobeh.
  2562 | D:4      | Found Agrob's Weapon Emporium.
  2562 | D:4      | Noticed Dowan
  2569 | D:4      | Killed Dowan
  2569 | D:4      | Reached skill level 8 in Axes
  2574 | D:4      | Bought 6 javelins for 52 gold pieces
  2577 | D:4      | Noticed Duvessa
  2597 | D:4      | Killed Duvessa
  2597 | D:4      | Slain by an ogre

Skill      XL: |  1  2  3  4  5  6 |
---------------+-------------------+-----
Fighting       | 4 |  4.4
Axes           | 5 6 7 8 |  8.9
Armour         | |  2.6
Dodging        | |  1.7

Action                   |  1- 3 |  4- 6 || total
-------------------------+-------+-------++-------
Melee: Hand axe          |    93 |   166 ||   259
Invok: Berserk           |       |     1 ||     1
       Trog's Hand       |       |     1 ||     1
  Use: Potion            |       |     5 ||     5
  Eat: Chunk             |     1 |    23 ||    24
Armor: Chain mail        |    43 |    66 ||   109
       Animal skin       |     1 |       ||     1
Dodge: Dodged            |    44 |    50 ||    94
